 Dungeon Crawl Stone Soup version 0.21-a0-143-g1ab7d47 (webtiles) character file.

51 Manul the Chopper (level 3, 0/27 HPs)
             Began as a Mummy Gladiator on July 25, 2017.
             Was an Initiate of Gozag.
             Slain by a gnoll
             ... wielding a +0 spear
              (8 damage)
             ... on level 1 of the Dungeon.
             The game lasted 00:01:02 (1634 turns).

Manul the Chopper (Mummy Gladiator)                 Turns: 1634, Time: 00:01:03

Health: 0/27       AC:  4    Str: 17    XL:     3   Next: 58%
Magic:  3/3        EV: 12    Int:  7    God:    Gozag
Gold:   93         SH:  0    Dex: 14    Spells: 2/2 levels left

rFire    x . .     SeeInvis .   a - +0 war axe
rCold    + . .     Gourm    .   (no shield)
rNeg     + + +     Faith    .   b - +0 leather armour
rPois    ∞         Spirit   .   c - +0 helmet
rElec    .         Reflect  .   (no cloak)
rCorr    .         Harm     .   (no gloves)
MR       .....                  (no boots)
Stlth    +.........             (no amulet)
HPRegen  0.09/turn              (no ring)
MPRegen  0.08/turn              (no ring)

@: no status effects
A: no food or potions, fire vulnerability, cold resistance 1, negative energy
resistance 3, torment resistance, unbreathing
a: Potion Petition, Call Merchant, Bribe Branch, Renounce Religion


You were on level 1 of the Dungeon.
You worshipped Gozag.
Gozag was noncommittal.
You were not hungry.

You visited 1 branch of the dungeon, and saw 2 of its levels.

You collected 121 gold pieces.
You paid 28 gold pieces to Gozag.

Inventory:

Hand Weapons
 a - a +0 war axe (weapon)
Missiles
 d - 3 throwing nets (quivered)
Armour
 b - a +0 leather armour (worn)
 c - a +0 helmet (worn)
Scrolls
 e - a scroll of identify {unknown}
 f - a scroll of blinking {unknown}
 g - a scroll of amnesia {unknown}
 h - a scroll of enchant weapon {unknown}
 i - a scroll of fog {unknown}
 j - a scroll of enchant armour {unknown}
 k - a scroll of teleportation {unknown}


   Skills:
 + Level 2.2 Fighting
 + Level 3.0 Axes
 + Level 1.7 Throwing
 + Level 1.2 Armour
 + Level 2.7 Dodging
 + Level 0.1 Stealth


You had 2 spell levels left.
You didn't know any spells.

Dungeon Overview and Level Annotations

Branches:
Dungeon (2/15)

Altars:
Gozag
Nemelex Xobeh


Innate Abilities, Weirdness & Mutations

You do not eat or drink.
Your flesh is vulnerable to fire.
You are immune to poison.
Your flesh is cold resistant. (rC+)
You are immune to negative energy. (rN+++)
You are immune to unholy pain and torment.
You can survive without breathing.


Message History

You now have 93 gold pieces (gained 5).
You see here a whip.
You start resting.
HP restored.
You start waiting.
Done waiting.
There is a stone staircase leading down here.
You climb downwards.
The gnoll hits you with a spear. The gnoll closely misses you.
The gnoll hits you with a spear.
There is a stone staircase leading up here.
You closely miss the gnoll.
The gnoll hits you from afar with a spear.
The gnoll hits you with a spear!
* * * LOW HITPOINT WARNING * * *
The gnoll closely misses you. x2
You climb upwards.
There is a stone staircase leading down here.
You hit the gnoll but do no damage. The gnoll hits you with a spear!
You die...
Your body crumbles into a pile of gold.

#.# #< #.# #. #.# #.
#.# ## #.# #. #.# #.
#.# #. #############.#
#. #...g@)..)....# #.
#.##)########## #.
#.##.## #.
#.##..########## #.
#.###....≈#≈...## #.
#.##.)....≈.....#####.
#.#..........)........
#...≈..........≈...###
##..≈≈..........≈≈..###


You could see a gnoll.

Vanquished Creatures
  2 gnolls (D:1)
  2 dart slugs
  A hobgoblin (D:1)
  11 jackals
  3 kobolds
  3 bats
  2 goblins
  A rat (D:1)
25 creatures vanquished.

Notes
Turn   | Place    | Note
-------+----------+-------------------------------------------
     0 | D:1      | Manul the Mummy Gladiator began the quest for the Orb.
     0 | D:1      | Reached XP level 1. HP: 16/16 MP: 1/1
   414 | D:1      | Reached XP level 2. HP: 20/22 MP: 2/2
  1254 | D:2      | Found a sparkling altar of Nemelex Xobeh.
  1255 | D:2      | Found an opulent altar of Gozag.
  1260 | D:2      | Became a worshipper of Gozag Ym Sagoz the Greedy
  1282 | D:2      | Reached XP level 3. HP: 24/27 MP: 3/3
  1418 | D:1      | Reached skill level 1 in Armour
  1422 | D:1      | Reached skill level 3 in Axes
  1634 | D:1      | Slain by a gnoll

Vault maps used:
D:1:      lightli_arrival_farm, kennysheep_decorative_pillar
D:2:      grunt_temple_overflow_opulence, nicolae_dithmenos_shadow_blocks

Skill      XL: |  1  2  3 |
---------------+----------+-----
Armour         | 1 |  1.2
Axes           | 3 |  3.0
Fighting       | |  2.2
Throwing       | |  1.7
Dodging        | |  2.7
Stealth        | |  0.1

Action                   || total
-------------------------++-------
Melee: War axe           ||    58
 Stab: Distracted        ||     1
Armor: Leather armour    ||    16
Dodge: Dodged            ||    58
